 Dungeon Sprint DCSS version 0.17-a0-1646-geb1493d (webtiles) character file.

276 Kidiri the Covert (level 6, -3/26 (29) HPs)
             Began as a Spriggan Enchanter on Aug 10, 2015.
             Slain by a necrophage (4 damage)
             ... in the Dungeon (Sprint II: "The Violet Keep of Menkaure").
             The game lasted 00:00:56 (50 turns).

Kidiri the Covert (Spriggan Enchanter)                Turns: 50, Time: 00:00:56

HP:   -3/26 (29)    AC:  3    Str:  5    XL:     6   Next: 4%
MP:   11/16         EV: 22    Int: 16    God:
Gold: 0             SH:  0    Dex: 18    Spells: 1 memorised, 16 levels left

rFire  . . .     SeeInvis +     a - +1 dagger
rCold  . . .     Clarity  .     b - +1 robe
rNeg   . . .     SustAt   .     (shield restricted)
rPois  .         Gourm    .     (helmet restricted)
rElec  .         Spirit   .     (no cloak)
rCorr  .         Warding  .     (gloves unavailable)
rMut   .         NoTele   +     (boots unavailable)
MR     +....                    (no amulet)
Stlth  ++++++....               (no ring)
                                (no ring)

@: exhausted, non-regenerating, diseased, slowed, quick, somewhat resistant to
hostile enchantments, very stealthy
A: unfitting armour, see invisible, herbivore 3, speed 3, slow metabolism 2
a: no special abilities


You were in the Dungeon.
You were not hungry.

You visited 1 branch

Inventory:

Hand weapons
 a - a +1 dagger (weapon)
Armour
 b - a +1 robe (worn)
Scrolls
 j - a scroll of blinking
Potions
 e - a potion of curing
 f - a potion of heal wounds
 g - a potion of haste
 h - 2 potions of magic
Books
 c - a book of Maledictions

   Spells                             Type                      Level
   a - Corona                         Hexes                        1
   b - Ensorcelled Hibernation        Hexes/Ice                    2
   c - Confuse                        Hexes                        3
   d - Tukima's Dance                 Hexes                        3
   e - Dazzling Spray                 Conjuration/Hexes            3
Comestibles
 d - a bread ration


   Skills:
 + Level 0.7 Fighting
 + Level 2.2 Short Blades
 + Level 6.6 Dodging
 + Level 11.1 Stealth
 + Level 6.4 Spellcasting
 + Level 10.3 Hexes


You had 16 spell levels left.
You knew the following spells:

 Your Spells              Type           Power        Failure   Level  Hunger
a - Corona                Hex            #####..      1%          1    None


Dungeon Overview and Level Annotations

Branches:
Dungeon (1/1)

Altars:


Innate Abilities, Weirdness & Mutations

You are tiny and cannot use many weapons and most armour.
You have supernaturally acute eyesight.
You are a herbivore.
You cover ground extremely quickly.
You need consume almost no food.


Message History

You hit the necrophage.
The necrophage is lightly damaged.
The necrophage barely misses you. The necrophage completely misses you.
You hit the necrophage but do no damage.
The necrophage is lightly damaged.
The necrophage completely misses you.
You closely miss the necrophage.
The necrophage is lightly damaged.
The necrophage hits you!
* * * LOW HITPOINT WARNING * * *
You feel ill.
Your flesh rots away!
Your flesh rots away!
You hit the necrophage but do no damage.
The necrophage is lightly damaged.
The necrophage completely misses you.
The necrophage hits you but does no damage.
Unknown command.
You hit the necrophage.
The necrophage is lightly damaged.
The necrophage hits you.
You die...

## ##
##. .##
#.. ..#
# #.#n#
#a #@#
#a.##.##
#+.<.+
#a.##.##
#a #+# #
.## w#
##


You could see a necrophage.

Vanquished Creatures
  3 necrophages (D)
3 creatures vanquished.

Notes
Turn   | Place    | Note
--------------------------------------------------------------
     0 | D        | Kidiri the Spriggan Enchanter began the quest for the Orb.
     0 | D        | Reached XP level 1. HP: 9/9 MP: 5/5
     1 | D        | Noticed a brain worm
     4 | D        | Noticed a worker ant
     4 | D        | Noticed a worker ant
     4 | D        | Noticed a worker ant
     4 | D        | Noticed a worker ant
     7 | D        | Noticed a necrophage
     7 | D        | Noticed a necrophage
     7 | D        | Noticed a necrophage
     7 | D        | Noticed a necrophage
    14 | D        | Killed a necrophage
    14 | D        | Reached skill level 8 in Stealth
    14 | D        | Reached XP level 2. HP: 13/13 MP: 4/8
    14 | D        | Reached XP level 3. HP: 16/16 MP: 5/10
    14 | D        | Reached XP level 4. HP: 21/21 MP: 5/11
    21 | D        | Killed a necrophage
    21 | D        | Reached skill level 5 in Dodging
    21 | D        | Reached skill level 10 in Stealth
    21 | D        | Reached skill level 5 in Spellcasting
    21 | D        | Reached XP level 5. HP: 24/24 MP: 5/14
    45 | D        | Killed a necrophage
    45 | D        | Reached skill level 11 in Stealth
    45 | D        | Reached skill level 10 in Hexes
    45 | D        | Reached XP level 6. HP: 9/28 MP: 10/16
    48 | D        | HP: 1/28 [necrophage (8)]
    50 | D        | Slain by a necrophage

Vault maps used:
D:        the_violet_keep_of_menkaure

Action                   |  1- 3 |  4- 6 || total
-------------------------+-------+-------++-------
Melee: Dagger            |     5 |    35 ||    40
 Cast: Corona            |     1 |       ||     1
  Use: Potion            |     1 |       ||     1
